Description

Quickstart prior to any scouting. Build after depends on enemy

Replay - Good Zergling vs Reaper

Build Order

Get SALT Encoding   

  12  0:01  Drone  Against Terrain, keep. Against Protoss, cheese with assimliator on their gas.
  13  0:08  Drone  
  14  0:17  Overlord  
  14  0:29  Extractor  
  14  0:35  Drone x3  
  16  0:50  Spawning Pool  
  15  0:59  Drone x2  (optional) only if you sent a scout out
  17  1:23  Overlord  
  17  1:40  Hatchery  OR metabolic boost. For harrassment
  17  1:44  Lair  
  16  1:53  Drone x2  
  18  1:59  Extractor  
  17  2:06  Spine Crawler  
  16  2:14  Metabolic Boost  
  16  2:21  Zergling x6  
  19  2:48  Drone  
  21  2:58  Infestation Pit  
  20  3:15  Spire  
  19  3:32  Overlord x2  
  21  3:53  Zergling x4  
Spawning Tool Build Advisor. Get it on Overwolf

Go to:

Details

  • Created by: triplejay2013
  • Published on: Jul 02, 2019
  • Modified on: Jul 02, 2019
  • Patch: 4.7.1
Show
View Real Time Build Order
Export as new Build Order

Comments (0)

There are no comments. Be the first!

Create an account to comment!